 Dungeon Crawl Stone Soup version bcrawl-1.15.1 (webtiles) character file.

Game seed: 12888409422737918806

49 Chiseanne the Ducker (level 3, -7/27 HPs)
             Began as a Demonspawn Archaeologist on Sept 28, 2019.
             Killed by divine providence
             ... invoked by an orc priest
              (15 damage)
             ... on level 2 of the Dungeon.
             The game lasted 00:02:34 (1562 turns).

Chiseanne the Ducker (Demonspawn Archaeologist)     Turns: 1562, Time: 00:02:35

Health: -7/27      AC:  8    Str: 11    XL:     3   Next: 53%
Magic:  3/3        EV: 11    Int: 15    God:
Gold:   102        SH:  0    Dex: 12    Spells: 2/2 levels left

rFire    . . .     SeeInvis .   k - +0 war axe
rCold    . . .     Gourm    .   (no shield)
rNeg     . . .     Faith    .   l - +0 ring mail
rPois    .         Spirit   .   c - +1 hat
rElec    .         Reflect  .   (no cloak)
rCorr    .         Harm     .   (no gloves)
MR       .....                  d - +1 pair of boots
Stlth    +.........             (no amulet)
HPRegen  0.09/turn              (no ring)
MPRegen  0.08/turn              (no ring)

@: studying Polearms
A: hooves 1, powered by death 1
a: no special abilities


You were on level 2 of the Dungeon.
You were not hungry.

You visited 1 branch of the dungeon, and saw 2 of its levels.

You collected 102 gold pieces.

Inventory:

Hand Weapons
 k - a +0 war axe (weapon)
 n - a +1 hand axe
Missiles
 a - 241 stones (quivered)
 h - 274 arrows
 j - 107 sling bullets
Armour
 c - a +1 hat (worn)
 d - a +1 pair of boots (worn)
 l - a +0 ring mail (worn)
Potions
 i - 2 potions of curing
 m - 2 potions of ambrosia {unknown}
 o - a potion of flight {unknown}
 p - a potion of haste {unknown}
Books
 e - a manual of Polearms
Miscellaneous
 f - an ancient crate
Comestibles
 b - 3 chunks of flesh
 g - 3 rations {!d}


   Skills:
 - Level 2.2 Fighting
   Level 0.8 Maces & Flails
 + Level 2.1 Polearms
 - Level 3.3 Dodging
 - Level 3.0 Stealth


You had 2 spell levels left.
You didn't know any spells.
Your spell library was empty.

Dungeon Overview and Level Annotations

Branches:
Dungeon (2/12)

Altars:
Lugonu


Innate Abilities, Weirdness & Mutations

You have large cloven feet.
You regenerate a little health from kills.


Message History

The orc priest is severely wounded.
The orc priest hits you but does no damage.
The orc priest hits you with a +0 hand axe.
You barely miss the orc priest.
The orc priest is severely wounded.
The orc priest hits you but does no damage.
You closely miss the orc priest.
The orc priest is severely wounded.
The orc priest calls upon Beogh to heal the orc priest.
The orc priest is healed somewhat.
The orc priest closely misses you.
You slash the orc priest!
The orc priest is almost dead.
The orc priest calls down the wrath of Beogh upon you.
Beogh smites you!
Ouch! That really hurt!
* * * LOW HITPOINT WARNING * * *
The orc priest invokes the aid of Beogh against you.
Beogh smites you!
Ouch! That really hurt!
You die...

# #........# ... ##......##
..# ######.# .# #.# ## #.#
.#### #g### ....############
#...#
###.........)..########.#
############<.@o...##.###...
#######...o......#
########...# ##


You could see 2 orc priests.

Vanquished Creatures
  A dart slug (D:2)
  2 orcs (D:1)
  5 bats
  A giant cockroach (D:1)
  4 goblins
  8 hobgoblins
  4 jackals (D:1)
  5 kobolds
  2 quokkas
  4 frilled lizards
  A rat (D:2)
37 creatures vanquished.

Notes
Turn   | Place    | Note
-------+----------+-------------------------------------------
     0 | D:1      | Chiseanne the Demonspawn Archaeologist began the quest for
                  | the Orb.
     0 | D:1      | Reached XP level 1. HP: 15/15 MP: 1/1
   280 | D:1      | Gained mutation: You regenerate a little health from kills.
                  | [demonic ancestry]
   280 | D:1      | Reached XP level 2. HP: 12/21 MP: 2/2
   890 | D:1      | Gained mutation: You have large cloven feet. [demonic
                  | ancestry]
   890 | D:1      | Reached XP level 3. HP: 27/27 MP: 3/3
  1097 | D:2      | Reached skill level 1 in Polearms
  1135 | D:2      | Found a corrupted altar of Lugonu.
  1562 | D:2      | Killed from afar by an orc priest

Skill      XL: |  1  2  3 |
---------------+----------+-----
Dodging        | 3 |  3.3
Fighting       | 2 |  2.2
Polearms       | 2 |  2.1
Maces & Flails | |  0.8
Stealth        | |  3.0

Action                   || total
-------------------------++-------
Melee: Whip              ||    18
       Short sword       ||    36
       Hand axe          ||    85
       War axe           ||     4
  Use: Potion            ||     1
       Scroll            ||     5
 Stab: Sleeping          ||     4
  Eat: Chunk             ||     2
Armor: Robe              ||    38
       Ring mail         ||    11
Dodge: Dodged            ||   132
